 Dungeon Crawl Stone Soup version 0.32-a0-18-g89e19f1974 (webtiles) character file.

Game seed: 4142861590128079381

70 cforsyth the Changeling (level 4, 0/45 HPs)
             Began as an Oni Shapeshifter on Jan 16, 2024.
             Slain by an ancient zyme (8 damage)
             ... on level 1 of the Abyss.
             The game lasted 00:02:28 (1689 turns).

cforsyth the Changeling (Oni Shapeshifter)          Turns: 1689, Time: 00:02:29

Health: 0/45       AC:  3    Str: 20    XL:     4   Next: 22%
Magic:  4/4        EV:  9    Int: 11    God:
Gold:   61         SH:  0    Dex:  8    Spells: 3/3 levels left

rFire   . .          .
                       - Unarmed
rCold   . . .        (no shield)
rNeg    . . .        a - +0 animal skin
rPois   .            (helmet currently unavailable)
rElec   .            (cloak currently unavailable)
rCorr   .            (gloves unavailable)
SInv    .            (boots unavailable)
Will    .....        (no amulet)
Stlth   +            (no ring)
HPRegen 0.00/turn    (no ring)
MPRegen 0.09/turn

%: no passive effects
@: confused, beast-form, sick
A: beast (slay +2), large, unfitting armour, horns 1, tough skin 1, double
potion healing, drunken brawling
a: Begin Untransformation


You were on level 1 of the Abyss.
You were a hulking beast.
You visited 1 branch of the dungeon, and saw 2 of its levels.
You visited the Abyss 1 time.

You collected 61 gold pieces.

Inventory:

Armour
 a - a +0 animal skin (worn)
Jewellery
 g - a +6 ring of dexterity
Talismans
 c - a beast talisman
 d - a flux talisman
Wands
 k - a wand of iceblast (6)
Scrolls
 f - 2 scrolls of fog {unknown}
 h - 2 scrolls of identify {unknown}
 j - a scroll of silence {unknown}
 l - a scroll of blinking {unknown}
Potions
 b - a potion of lignification
 e - 2 potions of invisibility {unknown}
 i - 2 potions of might {unknown}


   Skills:
 + Level 3.2 Fighting
 - Level 1.7 Dodging
 + Level 3.3 Unarmed Combat
 + Level 3.6 Shapeshifting


You had 3 spell levels left.
You didn't know any spells.
Your spell library was empty.

Dungeon Overview and Level Annotations

Branches:
Dungeon (2/15)

Altars:
Xom


Innate Abilities, Weirdness & Mutations

You are a hulking beast.
Your limbs bulge with bestial killing power. (Slay +2)
You are too large for most types of armour.
You have a pair of small horns on your head.
You have tough skin. (AC +1)
You gain doubled healing and magic from potions.
Whenever you drink a healing potion, you attack all around you.


Message History

A hobgoblin comes into view.
The hobgoblin shouts!
You hear a shout! x2
Found a scroll labelled ARAUTIRRIXT. 3 gnolls and a bat come into view.
A gnoll is wielding a +2 flail of distortion.
A gnoll is wielding a +0 whip and quivering a throwing net.
The gnoll shouts! x2
The bat barely misses you. The bat hits you. The hobgoblin closely misses you.
The gnoll hits you with a +2 flail of distortion!
You are cast into the Abyss!
This branch contains the abyssal rune of Zot.
HP restored.
A vampire comes into view.
A starcursed mass comes into view.
A starcursed mass splits.
A starcursed mass splits.
The starcursed mass shrieks in your mind.
Found a gateway leading deeper into the Abyss.
An ancient zyme comes into view.
You feel yourself growing ill in the presence of the ancient zyme.
You feel ill.
The ancient zyme attacks as it pursues you!
The ancient zyme hits you! x2
Found a gateway leading deeper into the Abyss.
A glowing orange brain comes into view.
The glowing orange brain turns its attention towards you.
The ancient zyme attacks as it pursues you!
The ancient zyme hits you. The ancient zyme hits you!
The glowing orange brain pulsates.
The glowing orange brain radiates an aura of fear!
You are terrified of the glowing orange brain!
You are no longer terrified.
The ancient zyme attacks as it pursues you!
The ancient zyme hits you.
* * * LOW HITPOINT WARNING * * *
The ancient zyme barely misses you.
You feel ill.
The glowing orange brain pulsates.
You are confused.
The ancient zyme hits you!
You die...

.. ## .## .
#..##.# .#.#.
# ##...##.##
# #...#.....#
#.###....###.
#.....h#....
####G#x#..#
#.#.## .
#..#....###
####......#
#.......#
....# ##..##
#.#. #... #.
# ...#


You could see a glowing orange brain and an ancient zyme.

Vanquished Creatures
  2 adders (D:2)
  A dart slug (D:1)
  4 bats
  3 endoplasms
  A giant cockroach (D:1)
  A goblin (D:1)
  4 hobgoblins
  11 jackals
  4 quokkas
  2 ball pythons (D:1)
  3 frilled lizards (D:2)
  3 kobolds
  6 rats
45 creatures vanquished.

Notes
Turn   | Place    | Note
-------+----------+-------------------------------------------
     0 | D:1      | cforsyth the Oni Shapeshifter began the quest for the Orb.
     0 | D:1      | Reached XP level 1. HP: 19/19 MP: 1/1
   240 | D:1      | Reached XP level 2. HP: 28/28 MP: 2/2
   478 | D:1      | Found a faded altar of an unknown god.
   610 | D:1      | Reached XP level 3. HP: 36/36 MP: 3/3
  1316 | D:2      | Found a shimmering altar of Xom.
  1503 | D:2      | Reached XP level 4. HP: 43/45 MP: 4/4
  1602 | Abyss:1  | Cast into level 1 of the Abyss (gnoll)
  1640 | Abyss:1  | Noticed a vampire
  1646 | Abyss:1  | Noticed a starcursed mass
  1669 | Abyss:1  | Noticed an ancient zyme
  1685 | Abyss:1  | Noticed a glowing orange brain
  1689 | Abyss:1  | Slain by an ancient zyme

Illustrated notes

Levels and vault maps discovered:
D:1:      onia_arrival_handbag, layout_loops_corners,
          dreamdust_ecumenical_altar_angels_and_demons
D:2:      layout_basic, basic_altar
Abyss:1:  base: Temple, hangedman_decor_peaks_small

Skill      XL: |  1  2  3 |
---------------+----------+-----
Fighting       | 2 3 |  3.2
Unarmed Combat | 3 |  3.3
Dodging        | |  1.7
Shapeshifting  | |  3.6

Action                     |  1- 3 |  4- 6 || total
---------------------------+-------+-------++-------
  Melee: Unarmed           |   118 |    16 ||   134
         Headbutt          |    17 |     2 ||    19
         Punch             |       |     1 ||     1
   Stab: Sleeping          |     1 |       ||     1
 Armour: Animal skin       |    86 |    19 ||   105
  Dodge: Dodged            |    75 |     9 ||    84

Table legend: (Time is in decaauts)
 A = Elapsed time spent in this place.
 B = Non-inter-level travel time spent in this place.
 C = Inter-level travel time spent in this place.
 D = Time resting spent in this place.
 E = Time spent auto-exploring this place.
 F = Levels seen in this place.
 G = Mean time per level.
                   A        B        C        D        E       F      G
               +--------+--------+--------+--------+--------+-----+--------+
         Total |   1680 |   1667 |     13 |      0 |   1351 |   3 |  560.0 |
       Dungeon |   1594 |   1581 |     13 |      0 |   1314 |   2 |  797.0 |
         Abyss |     86 |     86 |      0 |      0 |     37 |   1 |   86.0 |
               +--------+--------+--------+--------+--------+-----+--------+

Top non-repeatable levels by time:
     D:1: 1065 daAuts
     D:2: 528 daAuts
 Abyss:1: 86 daAuts
